 Dungeon Crawl Stone Soup version 0.28.0 (webtiles) character file.

Game seed: 6107706390292924885

338 SnakkuSnakku7 the Chopper (level 6, -1/58 HPs)
             Began as a Hill Orc Fighter on Feb 16, 2022.
             Slain by an ogre (17 damage)
             ... on level 5 of the Dungeon.
             The game lasted 00:04:01 (3610 turns).

SnakkuSnakku7 the Chopper (Hill Orc Fighter)        Turns: 3610, Time: 00:04:01

Health: -1/58      AC:  6    Str: 21    XL:     6   Next: 55%
Magic:  6/6        EV:  9    Int:  8    God:
Gold:   91         SH:  4    Dex: 10    Spells: 5/5 levels left

rFire   . . .      SeeInvis .   a - +0 war axe
rCold   . . .      Faith    .   c - +0 buckler
rNeg    . . .      Spirit   .   b - +0 scale mail
rPois   +          Reflect  .   (no helmet)
rElec   .          Harm     .   (no cloak)
rCorr   .          Rampage  .   (no gloves)
Will    .....                   (no boots)
Stlth   ..........              (no amulet)
HPRegen 0.19/turn               n - ring of wizardry
MPRegen 0.10/turn               s - ring of poison resistance

@: no status effects
A: no striking features
a: no special abilities


You were on level 5 of the Dungeon.
You visited 1 branch of the dungeon, and saw 5 of its levels.

You collected 311 gold pieces.
You spent 220 gold pieces at shops.

Inventory:

Hand Weapons
 a - a +0 war axe (weapon)
Missiles
 t - 4 boomerangs (quivered)
Armour
 b - a +0 scale mail (worn)
 c - a +0 buckler (worn)
Jewellery
 n - a ring of wizardry (left hand)
 s - a ring of poison resistance (right hand)
Scrolls
 e - 7 scrolls of teleportation {unknown}
 f - 3 scrolls of immolation {unknown}
 g - a scroll of silence {unknown}
 h - a scroll of holy word {unknown}
 i - a scroll of enchant weapon {unknown}
 k - a scroll of summoning {unknown}
 l - 5 scrolls of identify {unknown}
 o - 3 scrolls of enchant armour {unknown}
 r - a scroll of amnesia {unknown}
Potions
 d - a potion of might
 j - a potion of lignification {unknown}
 m - a potion of flight {unknown}
 p - a potion of heal wounds {unknown}
 q - 3 potions of curing {unknown}


   Skills:
 + Level 6.5 Fighting
 + Level 6.5 Axes
 - Level 3.2 Armour
 - Level 3.2 Shields


You had 5 spell levels left.
You didn't know any spells.
Your spell library contained the following spells:

 Spells                   Type           Power      Damage    Failure   Level
 Shock                    Conj/Air       0%         1d3       50%         1
 Swiftness                Air            0%         N/A       86%         3
 Airstrike                Air            0%         N/A       99%         4


Dungeon Overview and Level Annotations

Branches:
Dungeon (5/15)
 Temple: D:4-7

Altars:
Sif Muna

Shops:
D:5 =

Annotations:
D:3 exclusion: door


Message History

A dart slug comes into view.
Throw: 4 boomerangs
Press: ? - help, Shift-Dir - straight line, f - dart slug
Aim: a dart slug (93% to hit)
You throw a boomerang.
The boomerang completely misses the dart slug.
The dart slug launches a dart at you. The slug dart hits you.
Throw: 4 boomerangs
Press: ? - help, Shift-Dir - straight line, f - ogre, p - dart slug
Aim: an ogre, wielding a +0 giant club (74% to hit)
You throw a boomerang.
The boomerang completely misses the ogre.
Unknown command.
You slash the ogre!
The ogre is moderately wounded.
The ogre barely misses you.
You barely miss the ogre.
The ogre is moderately wounded.
You slash the dart slug! The ogre hits you with a +0 giant club.
The dart slug bites you but does no damage.
You barely miss the ogre.
The ogre is moderately wounded.
You hit the dart slug.
You kill the dart slug!
The ogre hits you with a +0 giant club!
You hit the ogre.
The ogre is heavily wounded.
The ogre hits you with a +0 giant club!
You slash the ogre!
The ogre is almost dead.
The ogre hits you with a +0 giant club!
* * * LOW HITPOINT WARNING * * *
You barely miss the ogre.
The ogre is almost dead.
The ogre closely misses you.
You hit the ogre but do no damage.
The ogre is almost dead.
The ogre hits you with a +0 giant club!
You die...

...........# #..#
........O..# #..#
#######...... ..# ..
.......### ..#
...#....#...###.#
#...#..###.##..#
......##.....+ ##
#...####...# .
#.....#..O@#####
#######.##..............
....##..###.............
....#...................
...8.∩.<.8.............#
.....###...#.....#......
....## #...##.#.........
....# #..........######
...## .....##)#.###


You could see an ogre.

Vanquished Creatures
  2 orc priests
  A centaur skeleton (D:5)
  A hound (D:4)
  An orc wizard (D:3)
  Terence (D:3)
  4 gnolls
  3 adders
  An adder skeleton (D:4)
  2 worms (D:2)
  4 dart slugs
  11 orcs
  5 endoplasms
  2 giant cockroaches (D:2)
  8 goblins
  7 hobgoblins
  7 jackals
  5 kobolds
  2 quokkas
  7 ball pythons
  5 bats
  4 frilled lizards
  7 rats
90 creatures vanquished.

Notes
Turn   | Place    | Note
-------+----------+-------------------------------------------
     0 | D:1      | SnakkuSnakku7 the Hill Orc Fighter began the quest for the
                  | Orb.
     0 | D:1      | Reached XP level 1. HP: 19/19 MP: 1/1
    68 | D:1      | Reached XP level 2. HP: 17/27 MP: 2/2
   442 | D:1      | Reached XP level 3. HP: 34/34 MP: 3/3
  1159 | D:2      | Reached XP level 4. HP: 18/41 MP: 4/4
  1176 | D:2      | Reached skill level 5 in Fighting
  1449 | D:2      | Reached skill level 5 in Axes
  1516 | D:2      | Reached XP level 5. HP: 14/48 MP: 5/5
  1709 | D:3      | Noticed Terence
  1722 | D:3      | Killed Terence
  1894 | D:3      | Found a shimmering blue altar of Sif Muna.
  1922 | D:3      | Found a faded altar of an unknown god.
  2952 | D:3      | Reached XP level 6. HP: 43/57 MP: 6/6
  3533 | D:5      | Entered Level 5 of the Dungeon
  3570 | D:5      | Found Ogunaqao's Jewellery Emporium.
  3578 | D:5      | Bought a ring of poison resistance for 220 gold pieces
  3610 | D:5      | Slain by an ogre

Illustrated notes

Levels and vault maps discovered:
D:1:      evilmike_arrival_crescent, layout_basic
D:2:      layout_rooms, minmay_octomino_c4
D:3:      layout_loops_ring, led_sif_book, basic_ecumenical_altar,
          kennysheep_another_room, grunt_ministairs_2, st_stairs_9,
          chequers_serial_rivers_marsh, uniq_terence
D:4:      layout_gridville, hex_medium, dk_noncrumbling_4
D:5:      layout_rooms, minmay_temple_entry_drinking_statues, serial_shops,
          shop_statue, minivault_25, minmay_tree_intersection, grunt_tough_drop

Skill      XL: |  1  2  3  4  5 |
---------------+----------------+-----
Axes           | 3 4 5 6 |  6.5
Fighting       | 4 5 6 |  6.5
Armour         | |  3.2
Shields        | |  3.2

Action                   |  1- 3 |  4- 6 || total
-------------------------+-------+-------++-------
Melee: War axe           |    75 |   159 ||   234
Throw: Boomerang         |       |     2 ||     2
Armor: Scale mail        |    37 |    72 ||   109
Dodge: Dodged            |    28 |    75 ||   103
Block: Buckler           |    17 |    38 ||    55
